 Dungeon Crawl Stone Soup version 0.19.5 (webtiles) character file.

277 empire the Skirmisher (level 6, -9/55 HPs)
             Began as a Draconian Monk on Mar 7, 2017.
             Killed from afar by an orc wizard (10 damage)
             ... with a magic dart
             ... on level 4 of the Dungeon.
             The game lasted 00:06:15 (3033 turns).

empire the Skirmisher (Draconian Monk)              Turns: 3033, Time: 00:06:15

Health: -9/55      AC:  7    Str: 13    XL:     6   Next: 4%
Magic:  6/6        EV: 14    Int: 11    God:
Gold:   173        SH:  0    Dex: 15    Spells: 0 memorised, 5 levels left

rFire  + . .     SeeInvis .     a - +0 falchion
rCold  . . .     Gourm    .     (armour unavailable)
rNeg   . . .     Faith    .     (no shield)
rPois  .         Spirit   .     (helmet restricted)
rElec  .         Reflect  .     m - +0 cloak
rCorr  .         Harm     .     (no gloves)
MR     .....                    (no boots)
Stlth  ++........               (no amulet)
                                (no ring)
                                l - ring of protection from fire

@: very slightly contaminated, invisible
A: unfitting armour, cold-blooded, AC +6
a: no special abilities


You were on level 4 of the Dungeon.
You were not hungry.

You visited 1 branch of the dungeon, and saw 4 of its levels.

You collected 173 gold pieces.

Inventory:

Hand Weapons
 a - a +0 falchion (weapon)
Armour
 m - a +0 cloak (worn)
Jewellery
 l - a ring of protection from fire (left hand)
Scrolls
 e - a scroll of noise {unknown}
 f - a scroll of recharging {unknown}
 h - a scroll of remove curse
 k - a scroll of magic mapping
 n - a scroll of amnesia
Potions
 g - a potion of invisibility
 i - a potion of cure mutation
 j - 2 potions of brilliance
Books
 o - a book of Necromancy

   Spells                             Type                      Level
   a - Pain                           Necromancy                   1
   b - Animate Skeleton               Necromancy                   1
   c - Vampiric Draining              Necromancy                   3
   d - Regeneration                   Charms/Necromancy            3
   e - Animate Dead                   Necromancy                   4
   f - Control Undead                 Necromancy                   4
Comestibles
 b - 3 bread rations
 c - 2 slices of pizza
 d - 2 meat rations


   Skills:
 + Level 4.9 Fighting
 + Level 4.5 Long Blades
 + Level 4.3 Dodging
 - Level 1.7 Stealth


You had 5 spell levels left.
You didn't know any spells.

Dungeon Overview and Level Annotations

Branches:
Dungeon (4/15)
 Temple: D:4-7

Altars:

Shops:
D:4 [

Annotations:
D:3 tof's ghost, amateur DsGl


Innate Abilities, Weirdness & Mutations

Your plain brown scales are hard. (AC +6)
You cannot fit into any form of body armour.
You are cold-blooded and may be slowed by cold attacks.


Message History

The orc appears confused.
The orc shouts!
You slash the orc!
You kill the orc!
You see here 24 bolts.
As you read the scroll of fog, it crumbles to dust.
The scroll dissolves into smoke.
Something hits you.
* * * LOW HITPOINT WARNING * * *
You hit something but do no damage. You tail-slap something.
Something hits you.
* * * LOW HITPOINT WARNING * * *
Okay, then.
You hit something but do no damage. Something hits you but does no damage.
You hit something. You miss something. You tail-slap something.
You hear some strange, mumbled words.
A magic dart appears from out of thin air!
The magic dart hits you!
You die...

.# #####
...##########...##
..........##.§§.(##
8.........#§§§§§..#####
.......)..§§§§§§.......
#.[..?....#§§§@§...#
..........##§§{..#.#
############§§.....#
#.§§§)..####### ##
#.......###...#####..
#.......#...........#
#.........#...#######
#.......###....###
#.......# #......#


There were no monsters in sight!

Vanquished Creatures
  An orc priest (D:4)
  Jessica (D:2)
  A worker ant (D:4)
  An orc wizard (D:4)
  8 adders
  An ooze (D:1)
  2 worms (D:2)
  4 leopard geckos
  8 orcs
  11 goblins
  8 hobgoblins
  6 jackals (D:1)
  5 kobolds
  2 quokkas
  2 ball pythons (D:3)
  7 bats
  3 frilled lizards
  A leopard gecko skeleton (D:4)
  6 rats
78 creatures vanquished.

Notes
Turn   | Place    | Note
-------+----------+-------------------------------------------
     0 | D:1      | empire the Draconian Monk began the quest for the Orb.
     0 | D:1      | Reached XP level 1. HP: 19/19 MP: 1/1
   225 | D:1      | Reached XP level 2. HP: 26/26 MP: 2/2
   674 | D:1      | Reached XP level 3. HP: 27/31 MP: 3/3
  1005 | D:2      | Noticed Jessica
  1009 | D:2      | Killed Jessica
  1035 | D:2      | Reached XP level 4. HP: 40/40 MP: 4/4
  2101 | D:3      | Reached XP level 5. HP: 45/47 MP: 5/5
  2349 | D:3      | Noticed tof's ghost (amateur DsGl)
  2460 | D:4      | Found Huowioff's Armour Emporium.
  2956 | D:4      | Reached XP level 6. HP: 51/55 MP: 6/6
  3030 | D:4      | HP: 1/55 [something (3)]
  3033 | D:4      | Killed from afar by an orc wizard

Skill      XL: |  1  2  3  4  5 |
---------------+----------------+-----
Dodging        | 3 4 |  4.3
Fighting       | 4 |  4.9
Long Blades    | 4 |  4.5
Stealth        | |  1.7

Action                   |  1- 3 |  4- 6 || total
-------------------------+-------+-------++-------
Melee: Falchion          |    62 |   200 ||   262
       Tailslap          |     9 |    32 ||    41
  Use: Scroll            |       |     9 ||     9
       Potion            |       |     2 ||     2
 Stab: Sleeping          |     5 |     8 ||    13
       Distracted        |       |     1 ||     1
       Invisible         |       |     4 ||     4
  Eat: Chunk             |       |     7 ||     7
Armor: Skin              |    28 |    61 ||    89
Dodge: Dodged            |    67 |   178 ||   245
       Rpst.: Falchion   |    22 |    47 ||    69
